 Dungeon Crawl Stone Soup version 0.25.0-9-g26727b657a (webtiles) character file.

Game seed: 266521111072451266

42 Exodus22XD the Poker (level 3, 0/27 HPs)
             Began as a Demonspawn Gladiator on June 21, 2020.
             Slain by a scorpion (7 damage)
             ... on level 2 of the Dungeon.
             The game lasted 00:01:47 (1899 turns).

Exodus22XD the Poker (Demonspawn Gladiator)         Turns: 1899, Time: 00:01:48

Health: 0/27       AC:  4    Str: 15    XL:     3   Next: 35%
Magic:  3/3        EV: 15    Int:  9    God:
Gold:   94         SH:  0    Dex: 14    Spells: 2/2 levels left

rFire    . . .     SeeInvis .   a - +0 trident
rCold    . . .     Gourm    .   (no shield)
rNeg     . . .     Faith    .   o - +0 leather armour (curse)
rPois    .         Spirit   .   c - +0 helmet
rElec    .         Reflect  .   i - scarf {+Inv}
rCorr    .         Harm     .   (no gloves)
MR       .....                  (no boots)
Stlth    +.........             (no amulet)
HPRegen  0.09/turn              (no ring)
MPRegen  0.08/turn              (no ring)

@: no status effects
A: repulsion field 1, powered by pain 1
a: Evoke Invisibility


You were on level 2 of the Dungeon.
You were not hungry.

You visited 1 branch of the dungeon, and saw 2 of its levels.

You collected 94 gold pieces.

Inventory:

Hand Weapons
 a - a +0 trident (weapon)
Missiles
 d - 3 throwing nets (quivered)
Armour
 b - a +0 leather armour
 c - a +0 helmet (worn)
 i - a scarf of invisibility (worn)
 o - a cursed +0 leather armour (worn)
Wands
 p - a wand of polymorph (6)
Scrolls
 h - 4 scrolls of identify {unknown}
 l - a scroll of enchant armour {unknown}
 m - a scroll of immolation {unknown}
Potions
 e - a potion of degeneration {unknown}
 g - a potion of heal wounds {unknown}
 j - 3 potions of stabbing {unknown}
 k - a potion of magic {unknown}
Comestibles
 f - 4 rations
 n - a chunk of flesh


   Skills:
 + Level 2.3 Fighting
 + Level 3.2 Polearms
 - Level 1.7 Throwing
 + Level 0.9 Armour
 + Level 3.1 Dodging
 * Level 0.2 Evocations


You had 2 spell levels left.
You didn't know any spells.
Your spell library was empty.

Dungeon Overview and Level Annotations

Branches:
Dungeon (2/15)

Altars:


Innate Abilities, Weirdness & Mutations

You are surrounded by a mild repulsion field. (EV +2)
You sometimes gain a little power by taking damage.


Message History

There are monsters nearby!
You hit the scorpion but do no damage.
The scorpion is lightly wounded.
The giant cockroach misses you. The scorpion closely misses you.
The hobgoblin misses you. The giant cockroach closely misses you.
You hit the scorpion.
The scorpion is lightly wounded.
The scorpion barely misses you. The scorpion stings you!
You hit the scorpion.
The scorpion is lightly wounded.
The scorpion stings you!
* * * LOW HITPOINT WARNING * * *
You are too injured to fight recklessly!
You hit the scorpion.
The scorpion is heavily wounded.
The scorpion stings you but does no damage.
You barely miss the scorpion.
The scorpion is heavily wounded.
The scorpion stings you!
You die...

.# ######.# #
#......####..
#..........
#........ #...sg.#
###h# #.#s# #.#@#
#.#.#########
#.#.........#
#.#.........#
#######.........>.#
#.......##........#
#.#########'#######
#.# #.......# #.#
#.......#


You could see a scorpion, a jackal, a giant cockroach and a hobgoblin.

Vanquished Creatures
  An adder (D:2)
  3 dart slugs
  2 leopard geckos (D:1)
  2 giant cockroaches
  3 goblins
  A hobgoblin (D:1)
  4 bats (D:1)
  A frilled lizard (D:1)
  5 kobolds
  5 rats
27 creatures vanquished.

Notes
Turn   | Place    | Note
-------+----------+-------------------------------------------
     0 | D:1      | Exodus22XD the Demonspawn Gladiator began the quest for the
                  | Orb.
     0 | D:1      | Reached XP level 1. HP: 16/16 MP: 1/1
   411 | D:1      | Gained mutation: You sometimes gain a little power by
                  | taking damage. [demonic ancestry]
   411 | D:1      | Reached XP level 2. HP: 22/22 MP: 2/2
  1411 | D:2      | Gained mutation: You are surrounded by a mild repulsion
                  | field. (EV +2) [demonic ancestry]
  1411 | D:2      | Reached XP level 3. HP: 6/27 MP: 3/3
  1431 | D:2      | HP: 1/27 [poisoned by an adder]
  1888 | D:2      | Noticed a scorpion
  1899 | D:2      | Slain by a scorpion

Illustrated notes

Levels and vault maps discovered:
D:1:      giann_horns, layout_basic
D:2:      layout_basic

Skill      XL: |  1  2 |
---------------+-------+-----
Polearms       | 3 |  3.2
Dodging        | 3 |  3.1
Fighting       | |  2.3
Throwing       | |  1.7
Armour         | |  0.9
Evocations     | |  0.2

Action                   || total
-------------------------++-------
Melee: Trident           ||    90
  Eat: Chunk             ||     3
Armor: Leather armour    ||    17
Dodge: Dodged            ||    54
